 Dungeon Sprint DCSS version 0.32-a0-33-g74fbe469d6 (webtiles) character file.

Game seed: 3048677014273363855

3278 PLAYERX the Severer (level 9, -17/96 HPs)
             Began as a Minotaur Monk on Jan 20, 2024.
             Was the Champion of Makhleb.
             Killed from afar by an efreet (23 damage)
             ... with a bolt of fire
             ... in the Dungeon (Sprint VII: "The Pits").
             The game lasted 00:11:25 (650 turns).

PLAYERX the Severer (Minotaur Monk)                  Turns: 650, Time: 00:11:26

Health: -17/96     AC: 16    Str: 19    XL:     9   Next: 69%
Magic:  9/9        EV:  9    Int:  7    God:    Makhleb [******]
Gold:   0          SH:  0    Dex: 14    Spells: 8/8 levels left

rFire   . . .        a - +2 war axe (freeze)
rCold   . . .        d - orb {light}
rNeg    . . .        b - +2 plate armour
rPois   .            (helmet restricted)
rElec   .            q - +0 cloak
rCorr   .            (no gloves)
SInv    .            (no boots)
Will    .....        (no amulet) Stlth
                     (no ring)
HPRegen 0.36/turn    (no ring)
MPRegen 0.11/turn

%: no teleportation
@: glowing
A: horns 2, retaliatory headbutt
a: Renounce Religion, Minor Destruction, Lesser Servant of Makhleb, Major
Destruction, Greater Servant of Makhleb


You were in the Dungeon.
You worshipped Makhleb.
Makhleb was exalted by your worship.
You visited 1 branch

Inventory:

Hand Weapons
 a - a +2 war axe of freezing (weapon)
 p - a +1 hand axe of freezing
 w - a +2 hand axe
Missiles
 o - 10 stones (quivered)
Armour
 b - a +2 plate armour (worn)
 d - an orb of light (worn)
 q - a +0 cloak (worn)
 u - a +0 pair of gloves
 v - a +0 pair of boots
Jewellery
 r - a +3 ring of strength
Scrolls
 j - a scroll of blinking
 l - 2 scrolls of vulnerability
 m - 5 scrolls of amnesia
 n - a scroll of summoning
Potions
 c - a potion of ambrosia
 e - 6 potions of curing
 f - 11 potions of heal wounds
 g - a potion of haste
 h - 4 potions of magic
 i - 4 potions of berserk rage
 k - 2 potions of invisibility
 s - 4 potions of might
 t - a potion of brilliance


   Skills:
 + Level 14.9 Fighting
 + Level 18.3 Axes
 + Level 7.1 Armour
 + Level 10.8 Dodging
 + Level 1.3 Invocations


You had 8 spell levels left.
You didn't know any spells.
Your spell library was empty.

Dungeon Overview and Level Annotations

Branches:
Dungeon (1/1)

Altars:
Ashenzari
Cheibriados
Dithmenos
Elyvilon
Fedhas
Gozag
Hepliaklqana
Kikubaaqudgha
Makhleb
Nemelex Xobeh
Okawaru
Qazlal
Ru
Sif Muna
Trog
Uskayaw
Vehumet
Wu Jian
Xom
Yredelemnul
Zin
The Shining One
Jiyva
Lugonu


Innate Abilities, Weirdness & Mutations

You have a pair of horns on your head.
You reflexively headbutt those who attack you in melee.


Message History

You open the large door.
A swamp drake and an efreet come into view.
The efreet is wielding a +1 scimitar of flaming.
The liquid fire burns you!
* * * LOW HITPOINT WARNING * * *
The swamp drake roars!
The swamp drake breathes poison at you. The noxious blast misses you.
A quasit comes into view.
Which direction?
You close the large door.
You are engulfed in noxious fumes.
The liquid fire burns you!
* * * LOW HITPOINT WARNING * * *
Press: ? - help, . - travel, g - get item You can't see that place. [Stash: the +2 morningstar of Death's Door {drain, rF- rCorr Dex+2}] [the floor.]
Press: ? - help, v - describe, . - travel A large open door.
This square is lit by a halo.
There is a cloud of noxious fumes here.
You are engulfed in noxious fumes.
You choke on the stench!
You are confused.
There is a large open door, spattered with blood here.
Things that are here:
a hell rat corpse; a vampire mosquito corpse You bump into the metal wall.
You feel less confused.
A quasit opens the large door.
The swamp drake breathes poison at you.
The noxious blast engulfs the quasit but does no damage.
The efreet gestures at you.
The fireball explodes!
The fireball engulfs the quasit!
The quasit resists.
The fireball engulfs you!
* * * LOW HITPOINT WARNING * * *
The efreet gestures at you.
The bolt of fire hits the quasit!
The quasit resists.
The quasit dies!
The bolt of fire hits you!!
You die...

_...###########++######
###'##................#
))'.##......#..#......#
###.##................+
.....'................+
'#####......#..#......#
.#..##................#
.'..#####'#####''######
##'###.......##†@#####
....##.......##......+ +
....##.......##°°°...+ .+
'#####...<...##°°°..##..#
))[.##.......##k°°###....
))[.##.......##..##......
######.......##'R#°..#..#
.#..###########.☼†.......
.#.############'°#)..#..#


You could see an efreet and a swamp drake (catching breath).

Vanquished Creatures
  A sea snake (D)
  A deep elf pyromancer (D)
  A cane toad (D)
  A troll (D)
  A tyrant leech (D)
  3 glass eyes (D)
  3 vampire mosquitoes (D)
  A water moccasin (D)
  An ice beast (D)
  2 orc warriors (D)
  A necrophage (D)
  A scorpion (D)
  Crazy Yiuf (D)
  An orc priest (D)
  3 orc wizards (D)
  2 hell rats (D)
  A gnoll (D)
  A white imp (D)
  2 ufetubi (D)
  A ribbon worm (D)
  3 orcs (D)
  An endoplasm (D)
  A giant cockroach (D)
  2 goblins (D)
  A ball python skeleton (D)
  A rat (D)
38 creatures vanquished.

Vanquished Creatures (others)
  A quasit (D)
1 creature vanquished.

Grand Total: 39 creatures vanquished

Notes
Turn   | Place    | Note
-------+----------+-------------------------------------------
     0 | D        | PLAYERX the Minotaur Monk began the quest for the Orb.
     0 | D        | Reached XP level 1. HP: 19/19 MP: 0/0
    52 | D        | Found a bloodstained altar of Trog.
    52 | D        | Found a shimmering blue altar of Sif Muna.
    52 | D        | Found a viscous altar of Jiyva.
    52 | D        | Found a hazy altar of Hepliaklqana.
    52 | D        | Found an opulent altar of Gozag.
    53 | D        | Found a glowing golden altar of the Shining One.
    53 | D        | Found a glowing silver altar of Zin.
    53 | D        | Found a basalt altar of Yredelemnul.
    53 | D        | Found a shimmering altar of Xom.
    53 | D        | Found an ornate altar of the Wu Jian Council.
    53 | D        | Found a sacrificial altar of Ru.
    53 | D        | Found a stormy altar of Qazlal.
    53 | D        | Found an iron altar of Okawaru.
    53 | D        | Found a sparkling altar of Nemelex Xobeh.
    53 | D        | Found a burning altar of Makhleb.
    53 | D        | Found a blossoming altar of Fedhas.
    53 | D        | Found a white marble altar of Elyvilon.
    53 | D        | Found a shadowy altar of Dithmenos.
    53 | D        | Found a snail-covered altar of Cheibriados.
    55 | D        | Found a radiant altar of Vehumet.
    55 | D        | Found a corrupted altar of Lugonu.
    56 | D        | Found a hide-covered altar of Uskayaw.
    56 | D        | Found an ancient bone altar of Kikubaaqudgha.
    56 | D        | Found a broken altar of Ashenzari.
    63 | D        | Became a worshipper of Makhleb the Destroyer
    63 | D        | Reached * piety under Makhleb
    63 | D        | Reached ** piety under Makhleb
    81 | D        | Noticed a glass eye
    93 | D        | Killed a glass eye
    94 | D        | Reached skill level 9 in Axes
    94 | D        | Reached XP level 2. HP: 35/35 MP: 1/1
    94 | D        | Reached XP level 3. HP: 40/40 MP: 2/2
    94 | D        | Reached XP level 4. HP: 48/48 MP: 3/3
    94 | D        | Reached XP level 5. HP: 53/53 MP: 4/4
    96 | D        | Noticed a glass eye
   113 | D        | Killed a glass eye
   114 | D        | Reached skill level 10 in Fighting
   114 | D        | Reached skill level 11 in Axes
   114 | D        | Reached XP level 6. HP: 66/66 MP: 5/5
   117 | D        | Reached *** piety under Makhleb
   123 | D        | Noticed a glass eye
   125 | D        | Reached **** piety under Makhleb
   134 | D        | Killed a glass eye
   135 | D        | Reached skill level 12 in Axes
   135 | D        | Reached XP level 7. HP: 74/74 MP: 6/6
   317 | D        | Reached skill level 13 in Axes
   323 | D        | Reached skill level 1 in Armour
   323 | D        | Reached skill level 10 in Dodging
   323 | D        | Reached ***** piety under Makhleb
   406 | D        | Noticed Crazy Yiuf
   410 | D        | Killed Crazy Yiuf
   427 | D        | Noticed a cane toad
   436 | D        | Killed a cane toad
   437 | D        | Reached skill level 14 in Axes
   437 | D        | Reached XP level 8. HP: 85/85 MP: 7/7
   447 | D        | Reached ****** piety under Makhleb
   448 | D        | Reached skill level 15 in Axes
   589 | D        | Noticed a sea snake
   601 | D        | Killed a sea snake
   602 | D        | Reached skill level 16 in Axes
   602 | D        | Reached XP level 9. HP: 80/94 MP: 8/8
   608 | D        | Noticed a tyrant leech
   612 | D        | Noticed a troll
   615 | D        | Noticed a deep elf pyromancer
   618 | D        | Killed a tyrant leech
   619 | D        | Reached skill level 17 in Axes
   619 | D        | Reached skill level 1 in Invocations
   624 | D        | Reached skill level 5 in Armour
   632 | D        | Killed a troll
   639 | D        | Killed a deep elf pyromancer
   640 | D        | Reached skill level 18 in Axes
   641 | D        | Noticed an efreet
   650 | D        | Killed from afar by an efreet

Illustrated notes

Levels and vault maps discovered:
D:        pitsprint [storerooms_1, entrance_room_1, metal_vault_4, armoury_1,
          mini_pit_1, grid_room_1, main_hall_1, silver_pit, the_coven_1,
          the_vestibule_1, steel_vault_2, golden_pit, hallway_of_sentries,
          crystal_vault_1, iron_vault_4, final_vault]

Skill      XL: |  1  2  3  4  5  6  7  8  9 |
---------------+----------------------------+-----
Fighting       | 8 10 11 12 13 14 | 14.9
Axes           | 9 11 12 14 16 18 | 18.3
Dodging        | 7 8 9 10 | 10.8
Armour         | 2 4 7 |  7.1
Invocations    | 1 |  1.3

Action                     |  1- 3 |  4- 6 |  7- 9 || total
---------------------------+-------+-------+-------++-------
  Melee: Hand axe          |    12 |    32 |    42 ||    86
         Headbutt          |     2 |     7 |    27 ||    36
         War axe           |       |       |    48 ||    48
 Invoke: Minor Destruction |       |       |     1 ||     1
    Use: Potion            |       |       |     1 ||     1
 Armour: Robe              |       |     4 |       ||     4
         Plate armour      |       |       |    59 ||    59
  Dodge: Dodged            |     1 |     5 |    27 ||    33

Table legend: (Time is in decaauts)
 A = Elapsed time spent in this place.
 B = Non-inter-level travel time spent in this place.
 C = Inter-level travel time spent in this place.
 D = Time resting spent in this place.
 E = Time spent auto-exploring this place.
 F = Levels seen in this place.
 G = Mean time per level.
                   A        B        C        D        E       F      G
               +--------+--------+--------+--------+--------+-----+--------+
         Total |    613 |    613 |      0 |     72 |      0 |   1 |  613.0 |
       Dungeon |    613 |    613 |      0 |     72 |      0 |   1 |  613.0 |
               +--------+--------+--------+--------+--------+-----+--------+

Top non-repeatable levels by time:
       D: 613 daAuts
